[Event "*** Titled Tuesday Blitz"]
[Site "Chess.com"]
[Date "2021.03.30"]
[Round "6"]
[White "Oligan22"]
[Black "AlexPapasimakopoulos"]
[Result "1-0"]
[WhiteElo "2514"]
[BlackElo "2619"]
[TimeControl "180+1"]
[EndTime "11:09:26 PDT"]
[Termination "Oligan22 won by checkmate"]

1. e4 e6 2. d4 d5 3. Nc3 Bb4 4. Ne2 Nc6 5. a3 Ba5 6. e5 Nge7 7. Be3 O-O 8. g3 Nf5 9. Bg2 f6 10. exf6 Qxf6 11. O-O Bxc3 12. bxc3 Bd7 13. Qd3 Be8 14.
c4 Bg6 15. Qc3 Nfe7 16. Rab1 b6 17. Nf4 Bf7 18. Rfe1 Na5 19. cxd5 Nxd5 20. Nxd5 exd5 21. Qxc7 Rfc8 22. Qe5 Qxe5 23. dxe5 Rxc2 24. Rbd1 Rd8 25. Bd2 Nc4 26. Bb4 Be6 27. Bf1 a5 28. Bxc4 axb4 29. Bd3 Rb2 30. axb4 Rxb4 31. f4 g6 32. Rb1 Rd4 33.
Rxb6 Bh3 34. Re3 Ra4 35. Rb2 Ra1+ 36. Kf2 Rh1 37. Kf3 Rd1 38. Be2 Rh1 39. Ba6 Ra1 40.
Bb5 Kf7 41. Reb3 Bf5 42. Bd3 Bxd3 43. Rxd3 Rd7 44. Rb6 Ke7 45. Rb5 Ke6 46. Rb6+ Ke7 47. g4 Rf1+ 48. Ke3 Re1+ 49. Kf3 Re4 50. Ra6 Re1 51.
Rb6 Re4 52. Re3 Rxe3+ 53. Kxe3 Ra7 54. Rb4 Ke6 55. Kd4 Ra6 56. h3 Rc6 57. Ra4 Rb6 58.
Kc3 Rb1 59. Ra6+ Ke7 60. Kd4 Rd1+ 61. Kc5 Rf1 62. Kxd5 Rxf4 63. Ra7+ Kf8 64. Rxh7 Rf1 65. Ke6 Ra1 66. Kf6 Rf1+ 67. Kxg6 Kg8 68. Ra7 Kf8 69. h4 Rg1 70. g5 Re1 71. Kf6 Rf1+ 72. Kg6 Rh1 73. h5 Re1 74. Kf6 Rf1+ 75. Kg6 Re1 76. Ra5 Rb1 77. Kf6 Rb6+ 78. e6 Rb8 79. Ra7 Kg8 80. h6 Kh8 81. Rf7 Kg8 82. Rg7+ Kh8 83.
Rd7 Kg8 84. e7 Rb6+ 85. Kf5 Kf7 86. e8=Q+ Kxe8 87. Rg7 Kf8 88. Kg4 Rc6 89. Kh5 Rd6 90.
Rg6 Rd1 91. Ra6 Kg8 92. Kg6 Rd8 93. Rf6 Rc8 94. Re6 Rb8 95. Kf6 Rf8+ 96. Kg6 Ra8 97. Re5 Ra6+ 98. Kh5 Ra8 99. g6 Rb8 100. Kg5 Ra8 101.
Kf6 Rb8 102. Re6 Ra8 103. Rb6 Rc8 104. Ke5 Kh8 105. Re6 Rg8 106. Kd6 Ra8 107. Kd7 Ra7+ 108. Kd6 Ra8 109. Ke7 Kg8 110. Kf6 Rf8+ 111. Ke5 Ra8 112. Rc6 Re8+ 113. Kd6 Ra8 114. Kd7 Ra7+ 115. Rc7 Kf8 116. Rxa7 Kg8 117. Ra8# 1-0

[Event "*** Titled Tuesday Blitz"]
[Site "Chess.com"]
[Date "2021.03.30"]
[Round "6"]
[White "karinachess1"]
[Black "Nesty_Javi_Chess"]
[Result "1/2-1/2"]
[WhiteElo "2496"]
[BlackElo "2614"]
[TimeControl "180+1"]
[EndTime "11:10:44 PDT"]
[Termination "Game drawn by repetition"]

1. c4 Nf6 2. Nf3 g6 3. g3 Bg7 4.
Bg2 O-O 5. O-O d5 6. cxd5 Nxd5 7. Nc3 Nb6 8. d3 c6 9. Bd2 N8d7 10. a3 h6 11. b4 Kh7 12. Qb3 Nf6 13. h3 Nfd5 14.
Rac1 e5 15. a4 Be6 16. Qa3 Nxc3 17. Bxc3 Qd6 18. Qa1 f6 19. Nd2 Bd5 20. Ne4 Bxe4 21. Bxe4 Nd5 22. b5 f5 23. Bg2 Nxc3 24. Qxc3 cxb5 25.
axb5 Rf7 26. Qc5 Qf6 27. Qd5 Rd8 28. Qb3 h5 29. Rc5 h4 30. gxh4 Rfd7 31. Rfc1 Qxh4 32.
Rc7 b6 33. Qe6 Qg5 34. R1c6 Rxc7 35. Rxc7 e4 36. Qe5 Rg8 37. dxe4 Kh8 38. Qe7 Qf4 39. exf5 gxf5 40. h4 Qg4 41. Qg5 Qxg5 42. hxg5 Be5 43. Rxa7 Rxg5 44. Rb7 Bd4 45. e3 Bc5 46. Kf1 f4 47.
exf4 Rf5 48. Bc6 Rxf4 49. f3 Rb4 50. Ke2 Kg8 51. Kd3 Kf8 52. Kc3 Rf4 53. Be4 Ke8 54. Kc4 Rf6 55. Kd5 Rd6+ 56. Ke5 Rh6 57. f4 Bd6+ 58. Kf5 Rh5+ 59. Kg4 Rc5 60. Bc6+ Kf8 61. f5 Be7 62. Rxb6 Rc4+ 63. Kg3 Kg7 64. Rb7 Kf6 65.
Rd7 Rb4 66. Rd5 Bf8 67. Kf3 Be7 68. Ke2 Kg5 69. Kd3 Kf6 70. Kc3 Rb1 71. Kc4 Rc1+ 72. Kd3 Rb1 73. Ke4 Rb4+ 74. Kd3 Rb1 75. Kc2 Rb4 76. Rd7 Bc5 77. Kc3 Rb1 78. Kc4 Be7 79. Rd3 Rb4+ 80. Kc3 Rb1 81. Rf3 Ke5 82. Kc2 Rb4 83. Re3+ Kf6 84. Re6+ Kf7 85. Kc3 Rb1 86. Rh6 Kg7 87. Rh3 Kf6 88. Rf3 Bd6 89. Kc2 Rb4 90. Rd3 Be5 91. Rd5 Kxf5 92. Kd3 Kf4 93. Kc2 Rb2+ 94. Kc1 Rb4 95. Rd3 Bd4 96. Rf3+ Ke5 97.
Rd3 Kf4 98. Rf3+ Ke5 99. Rd3 Kd6 100. Kc2 Kc5 101. Rb3 Rc4+ 102. Kd3 Ra4 103. Rb1 Ra3+ 104. Ke4 Re3+ 105. Kf4 Kb6 106. Rd1 Bc5 107. Rd5 Re1 108. Kf5 Bf2 109. Kf6 Bc5 110. Kf5 Bf2 111. Rd7 Rf1 112. Ke6 Bc5 113. Rb7+ Ka5 114. Kd7 Bb6 115. Ke6 Re1+ 116. Kd5 Rd1+ 117. Kc4 Rd4+ 118. Kc3 Rh4 119. Rb8 Bd4+ 120. Kb3 Bc5 121. Ra8+ Kb6 122. Ra6+ Kc7 123. Ra8 Kd6 124. Rd8+ Kc7 125. Rd7+ Kb6 126. Rb7+ Ka5 127. Kc2 Kb4 128. Kd3 Rd4+ 129. Ke2 Rh4 130. Kf3 Ka5 131. Rd7 Rd4 132. Kg3 Rxd7 133. Bxd7 Kb6 134. Bc6 Bb4 135. Kf3 Ba5 136. Ke4 Bb4 137. Kd5 Ba5 138. Kc4 Be1 139. Kb3 Ba5 140. Kc4 Be1 141. Kd3 Ba5 142. Kc2 Ka7 143. Kb3 Bb6 144. Kc4 Kb8 145. Kd5 Kc7 146. Kc4 Ba5 147. Kc5 Bb6+ 148. Kc4 Ba7 149. Kb4 Bb6 150. Ka4 Ba7 151. Kb3 Bb6 152. Kc4 1/2-1/2

[Event "*** Titled Tuesday Blitz"]
[Site "Chess.com"]
[Date "2021.03.30"]
[Round "7"]
[White "Ladislav1969"]
[Black "lukazz029"]
[Result "1-0"]
[WhiteElo "2333"]
[BlackElo "2156"]
[TimeControl "180+1"]
[EndTime "11:12:20 PDT"]
[Termination "Ladislav1969 won by resignation"]

1. e4 c5 2. c3 d6 3. d4 cxd4 4. cxd4 e6 5. Nc3 a6 6. Nf3 Nf6 7. Bd3 Nc6 8. O-O Nd7 9. Be3 Be7 10. Rc1 O-O 11. d5 Nde5 12. dxc6 1-0

[Event "*** Titled Tuesday Blitz"]
[Site "Chess.com"]
[Date "2021.03.30"]
[Round "7"]
[White "Sjakkerntobi"]
[Black "ErikBlomqvist"]
[Result "1-0"]
[WhiteElo "2423"]
[BlackElo "2587"]
[TimeControl "180+1"]
[EndTime "11:13:36 PDT"]
[Termination "Sjakkerntobi won by checkmate"]

1. e4 c5 2. Nf3 e6 3. d4 cxd4 4. Nxd4 Nc6 5. Nc3 a6 6. Be3 Nf6 7. Be2 Qc7 8. O-O Be7 9. f4 d6 10. Kh1 O-O 11. Qe1 Nxd4 12. Bxd4 b5 13. a3 Bb7 14.
Bd3 Rad8 15. Qg3 Nh5 16. Qg4 Nxf4 17. Qxg7# 1-0

[Event "*** Titled Tuesday Blitz"]
[Site "Chess.com"]
[Date "2021.03.30"]
[Round "7"]
[White "jraosam"]
[Black "politeplayer"]
[Result "0-1"]
[WhiteElo "1846"]
[BlackElo "2221"]
[TimeControl "180+1"]
[EndTime "11:13:50 PDT"]
[Termination "politeplayer won by checkmate"]

1. c4 e6 2. d4 d5 3. e3 c5 4. Nf3 Nf6 5. Nbd2 a6 6. Bd3 dxc4 7. Bxc4 b5 8. Be2 Bb7 9. O-O Nbd7 10. b3 Rc8 11.
Bb2 Bd6 12. Rc1 O-O 13. Re1 Qb6 14. Ne5 Rfd8 15. f4 cxd4 16. exd4 Rxc1 17. Qxc1 Nxe5 18. fxe5 Bxe5 19. Nf3 Bxf3 20. Bxf3 Bxd4+ 21. Bxd4 Qxd4+ 22. Kh1 Qd2 23. Qc7 Qxe1# 0-1

[Event "*** Titled Tuesday Blitz"]
[Site "Chess.com"]
[Date "2021.03.30"]
[Round "7"]
[White "fQ-System"]
[Black "Make_it_shine060"]
[Result "1-0"]
[WhiteElo "2303"]
[BlackElo "2196"]
[TimeControl "180+1"]
[EndTime "11:13:51 PDT"]
[Termination "fQ-System won by resignation"]

1. d4 Nf6 2. c4 g6 3. Nc3 d5 4. cxd5 Nxd5 5. e4 Nxc3 6. bxc3 Bg7 7. Be3 c5 8. Qd2 O-O 9. Rc1 Qa5 10. Nf3 Nc6 11.
d5 Rd8 12. c4 Qxd2+ 13. Nxd2 Nd4 14. Nb3 Nxb3 15. axb3 b6 16. Bd3 e6 17. O-O exd5 18.
exd5 f5 19. Rfe1 Bb7 20. Bf4 Rd6 21. Bxd6 1-0

[Event "*** Titled Tuesday Blitz"]
[Site "Chess.com"]
[Date "2021.03.30"]
[Round "7"]
[White "campomania3"]
[Black "MaxLeto"]
[Result "1-0"]
[WhiteElo "2236"]
[BlackElo "2347"]
[TimeControl "180+1"]
[EndTime "11:13:58 PDT"]
[Termination "campomania3 won by resignation"]

1. d4 Nf6 2. c4 g6 3. Nc3 Bg7 4. Nf3 d6 5. Bf4 O-O 6. h3 Nc6 7. e3 Re8 8. Be2 e5 9. dxe5 Nxe5 10. Nxe5 dxe5 11. Qxd8 Rxd8 12. Bxe5 c6 13. O-O Be6 14.
Rfd1 Re8 15. Bd4 a6 16. f3 Rad8 17. Bb6 Rxd1+ 18. Rxd1 Bc8 19. Rd8 Nd7 20. Rxe8+ 1-0

[Event "*** Titled Tuesday Blitz"]
[Site "Chess.com"]
[Date "2021.03.30"]
[Round "7"]
[White "jacky72"]
[Black "ChessWarrior7197"]
[Result "0-1"]
[WhiteElo "2717"]
[BlackElo "2901"]
[TimeControl "180+1"]
[EndTime "11:14:15 PDT"]
[Termination "ChessWarrior7197 won by resignation"]

1. d4 e6 2. c4 b6 3. e4 Bb7 4.
Bd3 Nc6 5. Nf3 Nb4 6. O-O Ne7 7.
Nc3 Nxd3 8. Qxd3 Ng6 9. d5 Be7 10.
b3 O-O 11. Bb2 Bf6 12. Rfe1 d6 13. Nd1 Bxb2 14. Nxb2 e5 15. b4 a5 16. a3 Bc8 17.
Qc3 f5 18. Nd2 Nf4 19. Nd3 axb4 20. axb4 Rxa1 21. Qxa1 Nxd3 22. Rb1 Qh4 23. g3 Qh6 24. Qc3 Nxf2 25. Kxf2 Qxh2+ 26. Ke1 fxe4 27. Kd1 Rf2 28. Kc2 e3 29. Qxe3 Bf5+ 30. Kc3 Bxb1 31. Qxf2 Qxf2 0-1

[Event "*** Titled Tuesday Blitz"]
[Site "Chess.com"]
[Date "2021.03.30"]
[Round "7"]
[White "Shuvalov"]
[Black "TorFredrikKaasen"]
[Result "0-1"]
[WhiteElo "2437"]
[BlackElo "2746"]
[TimeControl "180+1"]
[EndTime "11:14:25 PDT"]
[Termination "TorFredrikKaasen won by resignation"]

1. Nf3 Nf6 2. c4 g6 3. Nc3 Bg7 4. e4 d6 5. d4 O-O 6. Be2 e5 7.
O-O Nc6 8. d5 Ne7 9. Ne1 Nd7 10.
f3 f5 11. g4 c5 12. Nd3 Kh8 13. Be3 Ng8 14. Qc1 Ndf6 15. Nf2 h5 16. g5 Nh7 17. h4 f4 18. Bd2 Nxg5 19. Kg2 Nh7 20. Rh1 Bf6 21. a3 Bxh4 22. b4 Qg5+ 23. Kf1 Bxf2 24. Kxf2 Qg3+ 25. Kf1 Bh3+ 26. Rxh3 Qxh3+ 27. Ke1 Ng5 0-1

[Event "*** Titled Tuesday Blitz"]
[Site "Chess.com"]
[Date "2021.03.30"]
[Round "7"]
[White "c_r_e_e_p_e_r"]
[Black "zurzan"]
[Result "1-0"]
[WhiteElo "2374"]
[BlackElo "1982"]
[TimeControl "180+1"]
[EndTime "11:14:38 PDT"]
[Termination "c_r_e_e_p_e_r won by resignation"]

1. d4 d6 2. e4 Nf6 3. Nc3 Nbd7 4. f4 e5 5. Nf3 exd4 6. Nxd4 g6 7. Be2 Bg7 8. O-O O-O 9. Kh1 Re8 10. Bf3 Nc5 11.
Re1 Ne6 12. Nde2 Qe7 13. Ng3 c5 14. Nd5 Qd7 15. c3 b5 16. Be3 Bb7 17. Nxf6+ Bxf6 18. e5 Be7 19. f5 Bxf3 20. fxe6 Bxd1 21. exd7 Red8 22. Raxd1 Rxd7 23. Bxc5 Rad8 24. exd6 Bxd6 25. Ne4 Bxc5 26. Rxd7 Rxd7 27. Nf6+ Kg7 28. Nxd7 1-0

[Event "*** Titled Tuesday Blitz"]
[Site "Chess.com"]
[Date "2021.03.30"]
[Round "7"]
[White "pfalcon1949"]
[Black "Chessbard1972"]
[Result "0-1"]
[WhiteElo "1991"]
[BlackElo "2231"]
[TimeControl "180+1"]
[EndTime "11:14:45 PDT"]
[Termination "Chessbard1972 won by resignation"]

1. c4 g6 2. Nc3 Bg7 3. g3 d6 4. Bg2 e5 5. e4 Nc6 6. Nge2 f5 7. d3 Nf6 8. O-O O-O 9. Bg5 h6 10. Bxf6 Qxf6 11. Nd5 Qd8 12. Qd2 Ne7 13. Nxe7+ Qxe7 14. exf5 gxf5 15. f4 c6 16. Rae1 Be6 17. b3 Rae8 18.
fxe5 dxe5 19. Kh1 Qg5 20. Qxg5 hxg5 21. Rf2 f4 22. Ref1 Bf5 23. Be4 Bxe4+ 24. dxe4 Rd8 25. Rg2 f3 0-1

[Event "*** Titled Tuesday Blitz"]
[Site "Chess.com"]
[Date "2021.03.30"]
[Round "7"]
[White "Terao90"]
[Black "Ali-Farahat"]
[Result "1-0"]
[WhiteElo "2544"]
[BlackElo "2408"]
[TimeControl "180+1"]
[EndTime "11:14:51 PDT"]
[Termination "Terao90 won by resignation"]

1. e4 e5 2. Nf3 Nc6 3. Bb5 a6 4.
Ba4 Nf6 5. d3 b5 6. Bb3 Be7 7.
O-O d6 8. a3 O-O 9. h3 Be6 10.
c3 Qd7 11. Nbd2 Rfe8 12. d4 exd4 13. cxd4 Bxb3 14. Qxb3 d5 15. e5 Ne4 16. Re1 Na5 17. Qc2 f5 18. exf6 Nxf6 19. Ne5 Bd6 20. Nxd7 Rxe1+ 21. Nf1 Nxd7 22. Qd2 Rxf1+ 23. Kxf1 Nb3 24. Qg5 Nf6 25.
Rb1 Re8 26. Be3 h6 27. Qf5 Rxe3 28. fxe3 Nd2+ 29. Ke2 Nxb1 30. Qxb1 Ne4 31. Qc2 1-0

[Event "*** Titled Tuesday Blitz"]
[Site "Chess.com"]
[Date "2021.03.30"]
[Round "7"]
[White "elohunter1999"]
[Black "SHIVACalypso"]
[Result "1-0"]
[WhiteElo "2542"]
[BlackElo "2394"]
[TimeControl "180+1"]
[EndTime "11:14:54 PDT"]
[Termination "elohunter1999 won by resignation"]

1. d4 e6 2. e4 d5 3. Nd2 Nf6 4.
e5 Nfd7 5. f4 c5 6. c3 Nc6 7. Ndf3 cxd4 8. cxd4 a5 9. g3 a4 10. Kf2 g6 11. Kg2 Be7 12. h4 h5 13.
Bd3 b6 14. Nh3 Ba6 15. Bxg6 fxg6 16. Qc2 Ncxe5 17. fxe5 Nf8 18. Bg5 Rc8 19. Qxa4+ Qd7 20. Qxa6 Rc2+ 21. Nf2 Qc6 22. Rac1 Bxg5 23. Rxc2 Qxc2 24.
Nxg5 Qf5 25. Rc1 Nd7 26. Qc8+ 1-0

[Event "*** Titled Tuesday Blitz"]
[Site "Chess.com"]
[Date "2021.03.30"]
[Round "7"]
[White "Korchmar_Vasiliy"]
[Black "Rakesh"]
[Result "1-0"]
[WhiteElo "2640"]
[BlackElo "2489"]
[TimeControl "180+1"]
[EndTime "11:15:20 PDT"]
[Termination "Korchmar_Vasiliy won by resignation"]

1. g4 d5 2. Bg2 c6 3. c4 e6 4.
Nf3 Nf6 5. g5 Ne4 6. h4 Bd6 7. d3 Bb4+ 8. Kf1 Nd6 9. Qa4 Ba5 10. Bf4 Bc7 11. Nc3 Nd7 12. Qa3 Nf8 13. h5 Nf5 14. Bxc7 Qxc7 15. cxd5 exd5 16. e4 dxe4 17.
dxe4 Nd6 18. h6 g6 19. Rd1 Bg4 20. Qxd6 Qb6 21. Qe5+ 1-0

[Event "*** Titled Tuesday Blitz"]
[Site "Chess.com"]
[Date "2021.03.30"]
[Round "7"]
[White "Omk124"]
[Black "Iskusnyh"]
[Result "0-1"]
[WhiteElo "2489"]
[BlackElo "2640"]
[TimeControl "180+1"]
[EndTime "11:15:34 PDT"]
[Termination "Iskusnyh won by resignation"]

1. e4 e6 2. d4 d5 3. Nd2 c5 4.
exd5 exd5 5. Ngf3 Nc6 6. dxc5 Bxc5 7. Nb3 Bb6 8. Be2 Nf6 9. O-O O-O 10. c3 Ne4 11. Bf4 Qf6 12. Bc1 Be6 13. Nfd4 Rad8 14. Be3 Bc8 15. f3 Nd6 16. Bf2 Rfe8 17. a4 Bc7 18. Bd3 Nc4 19. Qc2 Qh6 20. g3 Ne3 21. Bxe3 Qxe3+ 22. Kg2 Qh6 23. Rae1 Bh3+ 24. Kg1 Bxf1 25.
Rxe8+ Rxe8 26. Kxf1 Bb6 27. Nf5 Qh3+ 28. Qg2 Re1+ 0-1

[Event "*** Titled Tuesday Blitz"]
[Site "Chess.com"]
[Date "2021.03.30"]
[Round "7"]
[White "wonderfultime"]
[Black "bocah_sakit"]
[Result "1-0"]
[WhiteElo "2990"]
[BlackElo "2847"]
[TimeControl "180+1"]
[EndTime "11:15:37 PDT"]
[Termination "wonderfultime won by resignation"]

1. d4 Nf6 2. Nf3 g6 3. Bg5 Bg7 4. Nbd2 d6 5. c3 O-O 6. e4 c5 7. dxc5 dxc5 8. Bc4 Qc7 9. Qe2 h6 10. Bxf6 Bxf6 11. O-O Nc6 12. Qe3 Ne5 13. Nxe5 Qxe5 14.
Qxh6 b5 15. Bd5 Bg7 16. Qh4 Rb8 17. Nf3 Qf6 18. Ng5 Rd8 19. Bxf7+ 1-0

[Event "*** Titled Tuesday Blitz"]
[Site "Chess.com"]
[Date "2021.03.30"]
[Round "7"]
[White "KarateBaby"]
[Black "dachessmandan"]
[Result "0-1"]
[WhiteElo "2318"]
[BlackElo "2494"]
[TimeControl "180+1"]
[EndTime "11:15:37 PDT"]
[Termination "dachessmandan won by resignation"]

1. Nf3 Nf6 2. c4 e6 3. Nc3 d5 4. e3 Be7 5. b3 O-O 6. Bb2 c5 7.
cxd5 exd5 8. d4 Nc6 9. Be2 Qb6 10. dxc5 Qxc5 11. O-O Bg4 12. Rc1 Rad8 13. Na4 Qa5 14. h3 Bh5 15. Qc2 Rfe8 16. Rfd1 Bg6 17. Bd3 Nb4 18. Qc3 Bxd3 19. Rxd3 Qa6 20. Rd2 Nxa2 0-1

[Event "*** Titled Tuesday Blitz"]
[Site "Chess.com"]
[Date "2021.03.30"]
[Round "7"]
[White "Julianos82"]
[Black "kubal123"]
[Result "1-0"]
[WhiteElo "2374"]
[BlackElo "2237"]
[TimeControl "180+1"]
[EndTime "11:15:39 PDT"]
[Termination "Julianos82 won by resignation"]

1. d4 g6 2. h4 Nf6 3. h5 Nxh5 4.
Rxh5 gxh5 5. e4 d6 6. Bc4 e6 7.
Qxh5 Qf6 8. Nf3 Qg6 9. Qh4 Be7 10.
Qf4 Nd7 11. Nc3 c6 12. Be3 Qf6 13. Qh2 d5 14. Bd3 Nf8 15. O-O-O Ng6 16. Bg5 Qg7 17. Bh6 Qf6 18. e5 Qxf3 19. gxf3 Bd8 20. Bg7 Rg8 21.
Qxh7 Bg5+ 22. Kb1 1-0

[Event "*** Titled Tuesday Blitz"]
[Site "Chess.com"]
[Date "2021.03.30"]
[Round "7"]
[White "iamnotIM"]
[Black "BahadirOzen"]
[Result "1-0"]
[WhiteElo "2627"]
[BlackElo "2750"]
[TimeControl "180+1"]
[EndTime "11:15:50 PDT"]
[Termination "iamnotIM won by resignation"]

1. e4 g6 2. Nf3 d6 3. Bc4 Nf6 4. d3 Bg7 5. a3 O-O 6. Ba2 c6 7. Nc3 d5 8. Bg5 Nbd7 9. h3 Qa5 10. O-O e6 11. Qc1 Qc7 12. Bf4 Qd8 13. Bd6 b6 14.
Bxf8 Qxf8 15. Re1 Bb7 16. a4 Rd8 17. a5 b5 18. exd5 exd5 19. d4 a6 20. Qf4 Nh5 21.
Qc7 Ba8 22. Qa7 Nf4 23. Ne2 Ne6 24. c3 Rb8 25. Qxd7 Rd8 26. Qa7 Rb8 27. Qxa6 Nc7 28. Qa7 1-0

[Event "*** Titled Tuesday Blitz"]
[Site "Chess.com"]
[Date "2021.03.30"]
[Round "7"]
[White "Twitch_ElhamBlitz05"]
[Black "MatyChess1"]
[Result "1-0"]
[WhiteElo "2865"]
[BlackElo "2618"]
[TimeControl "180+1"]
[EndTime "11:15:57 PDT"]
[Termination "Twitch_ElhamBlitz05 won by resignation"]

1. e4 c5 2. Nf3 d6 3. d4 cxd4 4. Nxd4 Nf6 5. Nc3 a6 6. Bc4 e6 7. Be3 b5 8. Bb3 Be7 9. a3 O-O 10. h4 Bb7 11. h5 Nbd7 12. h6 g6 13. f3 Nc5 14. Ba2 Rc8 15. Qd2 Qc7 16. g4 Na4 17. Nxa4 bxa4 18. g5 Nd7 19. Nxe6 fxe6 20. Bxe6+ Rf7 21.
O-O-O Ne5 22. Kb1 Nxf3 23. Bxf7+ Kxf7 24. Rhf1 Bxe4 25. Rxf3+ Bxf3 26. Rf1 Qc6 27. Qe2 Qxc2+ 28. Qxc2 1-0

[Event "*** Titled Tuesday Blitz"]
[Site "Chess.com"]
[Date "2021.03.30"]
[Round "7"]
[White "J36225"]
[Black "ARMQUEEN"]
[Result "0-1"]
[WhiteElo "2477"]
[BlackElo "2329"]
[TimeControl "180+1"]
[EndTime "11:15:57 PDT"]
[Termination "ARMQUEEN won by resignation"]

1. e4 c5 2. Nf3 Nc6 3. Bb5 g6 4. Bxc6 dxc6 5. d3 Bg7 6. h3 Nf6 7. O-O Nd7 8. Nc3 e5 9. a3 a5 10. Be3 b6 11. b4 axb4 12. axb4 Rxa1 13. Qxa1 cxb4 14. Na4 c5 15. c3 bxc3 16. Nxc3 O-O 17. Nd5 Bb7 18. Qa7 Bxd5 19. exd5 f5 20. Bg5 Qc8 21.
d6 e4 22. dxe4 fxe4 23. Nd2 Qc6 24. Be7 Rc8 25. Nxe4 c4 26. Qa3 Qxe4 27. Qa4 Qc6 28. Qxc6 Rxc6 29. Ra1 Bxa1 0-1

[Event "*** Titled Tuesday Blitz"]
[Site "Chess.com"]
[Date "2021.03.30"]
[Round "7"]
[White "IsaacWiebe"]
[Black "Deepweb2020"]
[Result "0-1"]
[WhiteElo "2292"]
[BlackElo "2501"]
[TimeControl "180+1"]
[EndTime "11:16:00 PDT"]
[Termination "Deepweb2020 won by checkmate"]

1. d4 Nf6 2. c4 e6 3. Nf3 Bb4+ 4.
Nbd2 b6 5. g3 Bb7 6. Bg2 O-O 7.
O-O c5 8. d5 exd5 9. Nb1 b5 10.
cxb5 d4 11. a3 Ba5 12. b4 cxb4 13. axb4 Bxb4 14. Qxd4 a5 15. Nc3 Re8 16. Bg5 Be7 17. Rfd1 d6 18. Nh4 Bxg2 19. Kxg2 h6 20. Be3 g6 21.
Bxh6 Nbd7 22. Nd5 Ne5 23. Nxe7+ Qxe7 24. Qxd6 Qb7+ 25. Kg1 Nfg4 26. Bf4 Rad8 27. Qxd8 Rxd8 28. Rxd8+ Kg7 29. Rxa5 Qb6 30. Raa8 Qxf2+ 31. Kh1 Qxh2# 0-1

[Event "*** Titled Tuesday Blitz"]
[Site "Chess.com"]
[Date "2021.03.30"]
[Round "7"]
[White "reniite"]
[Black "prachiti01"]
[Result "0-1"]
[WhiteElo "2014"]
[BlackElo "2070"]
[TimeControl "180+1"]
[EndTime "11:16:07 PDT"]
[Termination "prachiti01 won by resignation"]

1. e4 e6 2. d4 d5 3. Nc3 Bb4 4. e5 c5 5. a3 Bxc3+ 6. bxc3 Ne7 7. Qg4 Qc7 8. Qxg7 Rg8 9. Qxh7 cxd4 10. Ne2 Nbc6 11.
cxd4 Nxd4 12. Kd1 Ndc6 13. f4 Bd7 14. h4 O-O-O 15. Qd3 a6 16. h5 Nf5 17. h6 Rg6 18. h7 Rh8 19. Bb2 Rg7 20. Qh3 Na5 21. g4 Rxg4 22.
Qxg4 Ne3+ 23. Kd2 Nxg4 0-1

[Event "*** Titled Tuesday Blitz"]
[Site "Chess.com"]
[Date "2021.03.30"]
[Round "7"]
[White "PowerThinking2650"]
[Black "youngKID"]
[Result "0-1"]
[WhiteElo "2437"]
[BlackElo "2748"]
[TimeControl "180+1"]
[EndTime "11:16:10 PDT"]
[Termination "youngKID won by resignation"]

1. e4 c5 2. Nf3 Nc6 3. d4 cxd4 4. Nxd4 Nf6 5. Nc3 d6 6. Bc4 Bd7 7. Bb3 g6 8. f3 Bg7 9. Be3 O-O 10. Qd2 a6 11. h4 h5 12. O-O-O b5 13. g4 a5 14. g5 Nxd4 15. Bxd4 Ne8 16. a4 bxa4 17. Nxa4 Rb8 18. f4 Bxd4 19. Qxd4 Rb4 20. Nc3 Rxd4 21. Rxd4 Nc7 22.
f5 gxf5 23. g6 Be6 24. exf5 Bxb3 0-1

[Event "*** Titled Tuesday Blitz"]
[Site "Chess.com"]
[Date "2021.03.30"]
[Round "7"]
[White "adricalderon8"]
[Black "Witik"]
[Result "1-0"]
[WhiteElo "2526"]
[BlackElo "2686"]
[TimeControl "180+1"]
[EndTime "11:16:14 PDT"]
[Termination "adricalderon8 won on time"]

1. Nf3 d5 2. b3 Bg4 3. e3 Nd7 4.
h3 Bh5 5. Bb2 Ngf6 6. g4 Bg6 7.
d3 c6 8. Nh4 e5 9. Bg2 Bd6 10. Nd2 Qe7 11. a3 O-O-O 12. Nxg6 fxg6 13. c4 Nc5 14. Ke2 e4 15. d4 Nd3 16. Qc2 Kb8 17. b4 Rhf8 18. Rhf1 Rde8 19. c5 Bc7 20. b5 cxb5 21. c6 Nxg4 22. hxg4 Qh4 23. Bxe4 dxe4 24.
Nxe4 Qxg4+ 25. f3 Rxf3 26. Rxf3 Nxb2 27. Nf2 1-0

[Event "*** Titled Tuesday Blitz"]
[Site "Chess.com"]
[Date "2021.03.30"]
[Round "7"]
[White "mamonika"]
[Black "LEGENYA1998"]
[Result "1-0"]
[WhiteElo "2065"]
[BlackElo "2244"]
[TimeControl "180+1"]
[EndTime "11:16:14 PDT"]
[Termination "mamonika won by resignation"]

1. e4 c5 2. Nf3 Nc6 3. d4 cxd4 4.
Nxd4 d6 5. Nc3 Nf6 6. f3 g6 7.
Be3 Bg7 8. Qd2 O-O 9. Bc4 Ne5 10.
Bb3 Qa5 11. O-O Bd7 12. Nd5 Qd8 13. Bh6 Nxd5 14. Bxd5 e6 15. Bxg7 Kxg7 16. Bb3 Rc8 17. Kh1 Qc7 18. Rad1 Rfd8 19. Qg5 Nc4 20. Bxc4 Qxc4 21.
c3 Re8 22. f4 Rc5 23. f5 exf5 24. exf5 f6 25. Qf4 gxf5 26. Qxd6 Qd5 27. Nxf5+ Qxf5 28. Rxf5 1-0

[Event "*** Titled Tuesday Blitz"]
[Site "Chess.com"]
[Date "2021.03.30"]
[Round "7"]
[White "Vanina1989"]
[Black "muchojogo"]
[Result "1-0"]
[WhiteElo "2766"]
[BlackElo "2440"]
[TimeControl "180+1"]
[EndTime "11:16:18 PDT"]
[Termination "Vanina1989 won by resignation"]

1. d4 Nf6 2. c4 c5 3. d5 b5 4. a4 bxc4 5. Nc3 g6 6. e4 d6 7. Bxc4 Bg7 8. Nf3 O-O 9. O-O a5 10. h3 Ba6 11. Bb5 Qb6 12. Qe2 Nbd7 13. Nd2 Qb7 14. Nc4 Bxb5 15. axb5 a4 16. Bf4 Ne8 17.
Bg5 Bf6 18. Bxf6 Ndxf6 19. Qc2 Nc7 20. b6 Na6 21. Rxa4 Nb4 22. Qd1 Rxa4 23. Qxa4 Ra8 24. Qb5 Ra6 25. Na4 Nxe4 26. Na5 Rxa5 27. Qxa5 Nxd5 28.
Qa7 Qxa7 29. bxa7 Nc7 30. Nb6 e6 31. Rd1 d5 32. Rc1 c4 33. Nxc4 dxc4 34. Rxc4 Na8 1-0

[Event "*** Titled Tuesday Blitz"]
[Site "Chess.com"]
[Date "2021.03.30"]
[Round "7"]
[White "AradNazari"]
[Black "Bathory44"]
[Result "0-1"]
[WhiteElo "2504"]
[BlackElo "2669"]
[TimeControl "180+1"]
[EndTime "11:16:18 PDT"]
[Termination "Bathory44 won by resignation"]

1. d4 d5 2. c4 e6 3. cxd5 exd5 4. Nc3 c6 5. Nf3 Bf5 6. Bf4 Bd6 7. Bxd6 Qxd6 8. e3 Nf6 9. Bd3 Bxd3 10. Qxd3 Nbd7 11. O-O O-O 12. b4 a6 13. a4 b5 14. axb5 axb5 15. Rab1 Ra3 16. Qc2 Rfa8 17. Rfc1 Nb6 18. e4 dxe4 19. Nxe4 Nxe4 20. Qxe4 Nd5 21. Ne5 Nc3 22.
Qf3 Nxb1 23. Qxf7+ Kh8 24. Rxb1 Ra1 25. Qb3 Rxb1+ 26.
Qxb1 Qxd4 0-1

[Event "*** Titled Tuesday Blitz"]
[Site "Chess.com"]
[Date "2021.03.30"]
[Round "7"]
[White "Nesty_Javi_Chess"]
[Black "profofchess"]
[Result "1-0"]
[WhiteElo "2619"]
[BlackElo "2447"]
[TimeControl "180+1"]
[EndTime "11:16:19 PDT"]
[Termination "Nesty_Javi_Chess won by resignation"]

1. e4 e6 2. d4 d5 3. Nd2 e5 4. exd5 exd4 5. Ngf3 Nf6 6. Bc4 Qe7+ 7. Qe2 Qxe2+ 8.
Kxe2 c5 9. dxc6 Nxc6 10. Nb3 Bg4 11. Re1 Bb4 12. Bd2 O-O 13. Bxb4 Nxb4 14. Nxd4 Rac8 15.
Bb3 Rfd8 16. c3 Nbd5 17. Kf1 Nf4 18. Rad1 h6 19. Rd2 b5 20. Ne5 b4 21. Nxf7 bxc3 22.
Nxd8+ Kh7 23. bxc3 Rxd8 24. h3 Bc8 25. Red1 Bb7 26.
f3 N6h5 27. Kf2 Rc8 28. Ne6 Nxe6 29. Bxe6 Rxc3 30. Bf5+ g6 31. Rd7+ Ng7 32. Rxb7 gxf5 33. Rdd7 Rc2+ 34. Kg1 1-0